[ PARTIDA AOE2 · #505720889 ]
UnrankedBritanos vs Maya
Equipo del jugador · VICT
Equipo rival · DERR
[ ANÁLISIS DE REPETICIÓN · EXTRAÍDO DE LA PARTIDA GRABADA ]
Feudal
13:52
Castillos
17:28
Imperial
33:29
| APM promedio | 32.2 |
| APM pico | 77 |
| eAPM promedio | 16.9 |
| Aldeanos / militares | 120 / 34 |
Foco
⚔️ 22.5% · 🌾 77.5%
Archer ×28 · Mangonel ×5 · Trebuchet (Packed) ×1
Feudal
12:28
Castillos
16:20
Imperial
29:04
| APM promedio | 45.1 |
| APM pico | 87 |
| eAPM promedio | 24.7 |
| Aldeanos / militares | 101 / 33 |
Foco
⚔️ 26.7% · 🌾 73.3%
Plumed Archer ×24 · Petard ×4 · Mangonel ×2 · Battering Ram ×2 · Trebuchet (Packed) ×1
Mapa de la partida
Recursos iniciales + cada clic de construcción. Líneas = muros · curvas = relieve. ◆ oro · ⬟ piedra · ● bayas · ✦ reliquia · ◌ hueco del cierre
Tu base· ✓ Cerrada en 17:28 · 22t muro · sin puerta
Base de El coun· Abierta — el rival se encerró
Terreno inicial suavizado · ◌ = hueco del cierre detectado · pasá el cursor para detalles
Inputs por minuto
— Arthemis - - El coun
Build order — Arthemis
Primeras 150 de 283 acciones detectadas
| 0:01 | Encolar | Villager (Male) |
| 0:01 | Encolar | Villager (Male) |
| 0:02 | Construir | House |
| 0:04 | Construir | House |
| 0:17 | Investigar | Loom |
| 0:18 | Encolar | Villager (Male) |
| 0:18 | Encolar | Villager (Male) |
| 0:18 | Encolar | Villager (Male) |
| 2:01 | Encolar | Villager (Male) |
| 2:51 | Encolar | Villager (Male) |
| 3:25 | Construir | Palisade Wall |
| 3:45 | Encolar | Villager (Male) |
| 4:28 | Encolar | Villager (Male) |
| 4:37 | Construir | Lumber Camp |
| 4:55 | Encolar | Villager (Male) |
| 5:17 | Encolar | Villager (Male) |
| 5:45 | Encolar | Villager (Male) |
| 6:16 | Encolar | Villager (Male) |
| 6:41 | Encolar | Villager (Male) |
| 6:59 | Encolar | Villager (Male) |
| 7:04 | Construir | House |
| 7:22 | Construir | Mill |
| 7:30 | Encolar | Villager (Male) |
| 7:35 | Construir | House |
| 7:37 | Construir | House |
| 7:47 | Encolar | Villager (Male) |
| 8:19 | Encolar | Villager (Male) |
| 8:19 | Encolar | Villager (Male) |
| 8:20 | Encolar | Villager (Male) |
| 8:32 | Construir | Mill |
| 9:28 | Encolar | Villager (Male) |
| 9:29 | Encolar | Villager (Male) |
| 9:30 | Encolar | Villager (Male) |
| 9:30 | Encolar | Villager (Male) |
| 9:30 | Encolar | Villager (Male) |
| 11:21 | Construir | Mining Camp |
| 11:33 | Investigar | Feudal Age |
| 11:59 | Encolar | Villager (Male) |
| 11:59 | Encolar | Villager (Male) |
| 13:52 | Edad | Edad Feudal |
| 13:57 | Construir | Market |
| 13:59 | Construir | Blacksmith |
| 14:12 | Investigar | Double-Bit Axe |
| 14:48 | Investigar | Castle Age |
| 15:15 | Investigar | Horse Collar |
| 15:18 | Construir | Farm |
| 15:20 | Construir | Farm |
| 15:22 | Construir | Farm |
| 15:25 | Construir | Farm |
| 15:28 | Construir | Farm |
| 15:40 | Construir | Stone Wall |
| 15:42 | Construir | Stone Wall |
| 15:51 | Construir | Farm |
| 15:55 | Construir | Farm |
| 16:27 | Encolar | Villager (Male) |
| 17:09 | Construir | Stone Wall |
| 17:12 | Construir | Stone Wall |
| 17:28 | Edad | Edad de los Castillos |
| 17:32 | Construir | Town Center |
| 17:39 | Construir | Town Center |
| 17:47 | Encolar | Villager (Male) |
| 17:58 | Construir | Stone Wall |
| 18:13 | Encolar | Villager (Male) |
| 18:17 | Investigar | Bow Saw |
| 18:38 | Encolar | Villager (Male) |
| 18:49 | Construir | Siege Workshop |
| 18:55 | Encolar | Villager (Male) |
| 19:02 | Encolar | Villager (Male) |
| 19:02 | Encolar | Villager (Male) |
| 19:07 | Encolar | Villager (Male) |
| 19:07 | Encolar | Villager (Male) |
| 19:17 | Construir | Farm |
| 19:21 | Construir | Farm |
| 19:38 | Construir | Stone Wall |
| 19:46 | Encolar | Villager (Male) |
| 19:47 | Encolar | Mangonel |
| 19:51 | Construir | House |
| 20:07 | Construir | Farm |
| 20:10 | Encolar | Villager (Male) |
| 20:10 | Encolar | Villager (Male) |
| 20:16 | Construir | Farm |
| 20:22 | Encolar | Villager (Male) |
| 20:22 | Encolar | Villager (Male) |
| 20:27 | Construir | Stone Wall |
| 20:30 | Construir | Stone Wall |
| 20:35 | Encolar | Villager (Male) |
| 20:44 | Construir | House |
| 20:51 | Construir | House |
| 20:52 | Construir | House |
| 20:54 | Construir | Farm |
| 21:07 | Encolar | Villager (Male) |
| 21:07 | Encolar | Villager (Male) |
| 21:07 | Encolar | Villager (Male) |
| 21:11 | Construir | Stone Wall |
| 21:21 | Encolar | Mangonel |
| 21:28 | Construir | Farm |
| 21:32 | Construir | Farm |
| 21:32 | Encolar | Villager (Male) |
| 21:56 | Encolar | Villager (Male) |
| 21:57 | Encolar | Villager (Male) |
| 21:57 | Encolar | Villager (Male) |
| 22:07 | Encolar | Villager (Male) |
| 22:10 | Construir | House |
| 22:11 | Construir | House |
| 22:11 | Construir | House |
| 22:13 | Construir | Farm |
| 22:17 | Construir | Farm |
| 22:18 | Construir | Farm |
| 22:30 | Construir | House |
| 22:33 | Construir | House |
| 22:34 | Encolar | Villager (Male) |
| 22:34 | Encolar | Villager (Male) |
| 22:35 | Encolar | Villager (Male) |
| 22:38 | Construir | Farm |
| 22:39 | Construir | Farm |
| 22:42 | Construir | Farm |
| 22:46 | Construir | Farm |
| 22:50 | Construir | Farm |
| 22:52 | Encolar | Villager (Male) |
| 22:57 | Construir | Farm |
| 22:58 | Construir | Farm |
| 23:00 | Construir | Farm |
| 23:02 | Construir | Farm |
| 23:05 | Encolar | Villager (Male) |
| 23:06 | Encolar | Villager (Male) |
| 23:10 | Construir | Farm |
| 23:21 | Encolar | Villager (Male) |
| 23:27 | Construir | House |
| 23:28 | Construir | House |
| 23:31 | Encolar | Villager (Male) |
| 23:31 | Encolar | Villager (Male) |
| 23:45 | Construir | Barracks |
| 23:49 | Construir | Farm |
| 23:51 | Construir | Farm |
| 23:55 | Encolar | Villager (Male) |
| 23:55 | Encolar | Villager (Male) |
| 23:56 | Encolar | Villager (Male) |
| 24:16 | Investigar | Wheelbarrow |
| 24:16 | Encolar | Villager (Male) |
| 24:26 | Construir | Mining Camp |
| 24:36 | Construir | Farm |
| 24:37 | Construir | Farm |
| 24:43 | Construir | Farm |
| 24:44 | Construir | Farm |
| 24:45 | Encolar | Villager (Male) |
| 24:45 | Encolar | Villager (Male) |
| 24:55 | Construir | Archery Range |
| 25:01 | Encolar | Villager (Male) |
| 25:02 | Encolar | Villager (Male) |
| 25:13 | Investigar | Gold Mining |
Build order — El coun
Primeras 150 de 200 acciones detectadas
| 0:00 | Investigar | Loom |
| 0:01 | Encolar | Villager (Male) |
| 0:01 | Encolar | Villager (Male) |
| 0:02 | Construir | House |
| 0:04 | Construir | House |
| 0:19 | Encolar | Villager (Male) |
| 1:39 | Encolar | Villager (Male) |
| 2:22 | Encolar | Villager (Male) |
| 2:22 | Encolar | Villager (Male) |
| 3:13 | Encolar | Villager (Male) |
| 4:02 | Encolar | Villager (Male) |
| 4:02 | Encolar | Villager (Male) |
| 4:17 | Encolar | Villager (Male) |
| 4:17 | Encolar | Villager (Male) |
| 4:42 | Construir | Outpost |
| 4:55 | Encolar | Villager (Male) |
| 5:09 | Construir | House |
| 5:12 | Encolar | Villager (Male) |
| 5:12 | Encolar | Villager (Male) |
| 5:34 | Encolar | Villager (Male) |
| 5:34 | Encolar | Villager (Male) |
| 5:42 | Encolar | Villager (Male) |
| 5:42 | Encolar | Villager (Male) |
| 6:27 | Construir | Lumber Camp |
| 6:35 | Encolar | Villager (Male) |
| 6:37 | Encolar | Villager (Male) |
| 7:00 | Construir | House |
| 7:07 | Encolar | Villager (Male) |
| 8:13 | Encolar | Villager (Male) |
| 8:14 | Encolar | Villager (Male) |
| 8:14 | Encolar | Villager (Male) |
| 8:22 | Construir | Mill |
| 8:57 | Encolar | Villager (Male) |
| 8:59 | Encolar | Villager (Male) |
| 10:06 | Investigar | Feudal Age |
| 10:08 | Construir | Mining Camp |
| 11:25 | Encolar | Villager (Male) |
| 11:25 | Encolar | Villager (Male) |
| 12:28 | Edad | Edad Feudal |
| 12:29 | Construir | Market |
| 12:44 | Construir | Blacksmith |
| 13:40 | Investigar | Castle Age |
| 14:16 | Construir | Mill |
| 14:27 | Investigar | Double-Bit Axe |
| 14:53 | Construir | Mining Camp |
| 15:27 | Encolar | Villager (Male) |
| 15:27 | Encolar | Villager (Male) |
| 16:20 | Edad | Edad de los Castillos |
| 16:23 | Construir | House |
| 16:49 | Construir | Castle |
| 16:51 | Encolar | Villager (Male) |
| 16:51 | Encolar | Villager (Male) |
| 16:51 | Encolar | Villager (Male) |
| 16:52 | Encolar | Villager (Male) |
| 17:12 | Construir | Siege Workshop |
| 17:40 | Encolar | Villager (Male) |
| 18:01 | Encolar | Battering Ram |
| 18:15 | Encolar | Villager (Male) |
| 18:15 | Encolar | Villager (Male) |
| 18:34 | Encolar | Plumed Archer |
| 18:41 | Construir | Mining Camp |
| 19:11 | Encolar | Plumed Archer |
| 19:20 | Encolar | Villager (Male) |
| 19:31 | Construir | Town Center |
| 19:42 | Encolar | Plumed Archer |
| 19:55 | Encolar | Villager (Male) |
| 20:17 | Construir | Farm |
| 20:20 | Encolar | Villager (Male) |
| 20:20 | Encolar | Villager (Male) |
| 20:21 | Encolar | Villager (Male) |
| 20:34 | Construir | Farm |
| 20:36 | Construir | Farm |
| 20:40 | Construir | Farm |
| 20:58 | Encolar | Villager (Male) |
| 21:13 | Encolar | Villager (Male) |
| 21:16 | Construir | Farm |
| 21:16 | Construir | Farm |
| 21:16 | Construir | Farm |
| 21:16 | Construir | Farm |
| 21:17 | Construir | Farm |
| 21:24 | Construir | Farm |
| 22:04 | Encolar | Mangonel |
| 22:09 | Encolar | Villager (Male) |
| 22:09 | Encolar | Villager (Male) |
| 22:10 | Encolar | Villager (Male) |
| 22:11 | Construir | Farm |
| 22:12 | Construir | Farm |
| 22:13 | Construir | Farm |
| 22:26 | Encolar | Villager (Male) |
| 22:28 | Construir | Farm |
| 22:30 | Construir | Farm |
| 22:34 | Encolar | Villager (Male) |
| 22:53 | Construir | Farm |
| 22:54 | Construir | Farm |
| 22:55 | Encolar | Villager (Male) |
| 22:55 | Encolar | Villager (Male) |
| 22:58 | Construir | Farm |
| 23:03 | Encolar | Villager (Male) |
| 23:19 | Construir | Farm |
| 23:23 | Construir | Farm |
| 23:24 | Encolar | Villager (Male) |
| 23:33 | Encolar | Villager (Male) |
| 23:34 | Encolar | Villager (Male) |
| 23:39 | Construir | Farm |
| 23:41 | Encolar | Villager (Male) |
| 23:42 | Encolar | Villager (Male) |
| 23:42 | Encolar | Villager (Male) |
| 23:42 | Encolar | Villager (Male) |
| 23:42 | Encolar | Villager (Male) |
| 23:47 | Construir | Farm |
| 24:09 | Encolar | Villager (Male) |
| 24:09 | Encolar | Villager (Male) |
| 24:09 | Encolar | Villager (Male) |
| 24:09 | Encolar | Villager (Male) |
| 24:22 | Encolar | Villager (Male) |
| 24:22 | Encolar | Villager (Male) |
| 24:22 | Encolar | Villager (Male) |
| 24:23 | Encolar | Villager (Male) |
| 24:23 | Encolar | Villager (Male) |
| 24:23 | Encolar | Villager (Male) |
| 24:23 | Encolar | Villager (Male) |
| 24:30 | Construir | House |
| 25:06 | Encolar | Villager (Male) |
| 25:32 | Construir | Farm |
| 25:34 | Construir | Farm |
| 25:43 | Investigar | Imperial Age |
| 25:56 | Encolar | Plumed Archer |
| 25:59 | Encolar | Villager (Male) |
| 26:03 | Construir | House |
| 26:14 | Construir | Outpost |
| 26:17 | Investigar | Town Watch |
| 26:30 | Investigar | Fletching |
| 26:39 | Encolar | Plumed Archer |
| 26:40 | Encolar | Plumed Archer |
| 26:40 | Encolar | Plumed Archer |
| 27:00 | Construir | Outpost |
| 27:03 | Encolar | Mangonel |
| 27:05 | Encolar | Villager (Male) |
| 27:06 | Encolar | Villager (Male) |
| 27:06 | Encolar | Villager (Male) |
| 27:06 | Encolar | Villager (Male) |
| 27:06 | Encolar | Villager (Male) |
| 27:07 | Encolar | Villager (Male) |
| 27:07 | Encolar | Villager (Male) |
| 27:08 | Encolar | Villager (Male) |
| 27:26 | Investigar | Bodkin Arrow |
| 27:26 | Investigar | Bodkin Arrow |
| 27:33 | Construir | House |
| 28:13 | Encolar | Plumed Archer |
| 28:13 | Encolar | Plumed Archer |
Cronología de la partida
| 3:25 | Arthemis · wall_segment Palisade Wall x7 |
| 12:28 | El coun · age_up feudal |
| 13:32 | El coun · first_market_sell 100 stone |
| 13:52 | Arthemis · age_up feudal |
| 14:47 | Arthemis · first_market_sell 100 stone |
| 15:35 | El coun · first_market_buy 100 stone |
| 15:40 | Arthemis · wall_segment Stone Wall x5 |
| 15:42 | Arthemis · wall_segment Stone Wall x2 |
| 16:20 | El coun · age_up castle |
| 16:49 | El coun · first_building Castle |
| 17:09 | Arthemis · wall_segment Stone Wall x4 |
| 17:12 | Arthemis · wall_segment Stone Wall x4 |
| 17:12 | El coun · first_building Siege Workshop |
| 17:28 | Arthemis · age_up castle |
| 17:58 | Arthemis · wall_segment Stone Wall x8 |
| 18:49 | Arthemis · first_building Siege Workshop |
| 19:38 | Arthemis · wall_segment Stone Wall x5 |
| 20:27 | Arthemis · wall_segment Stone Wall x1 |
| 20:30 | Arthemis · wall_segment Stone Wall x10 |
| 21:11 | Arthemis · wall_segment Stone Wall x4 |
| 23:45 | Arthemis · first_building Barracks |
| 24:55 | Arthemis · first_building Archery Range |
| 26:28 | Arthemis · wall_segment Stone Wall x1 |
| 26:31 | Arthemis · wall_segment Stone Wall x1 |
| 26:32 | Arthemis · wall_segment Stone Wall x1 |
| 26:33 | Arthemis · wall_segment Stone Wall x1 |
| 29:04 | El coun · age_up imperial |
| 30:41 | Arthemis · first_building Castle |
| 33:29 | Arthemis · age_up imperial |
| 34:56 | El coun · resign |
[ ANÁLISIS IA · 1 CRÉDITO ]
¿Qué pasó realmente en esta partida?
Wolo.gg analiza cada decisión: build order, eco, micro, errores típicos por bracket. Análisis personalizado por WhatsApp o Discord en 30 segundos.
Guía civ
Britanos
Perfil
Jugador #6103202